3A
PUT-IN-BAY BC @ ATHLETIC CLUB KC U-24
06/15/2041
 
TOP OF THE 1ST
Put-In-Bay BC batting - Pitching for Athletic Club KC U-24 : LHP Willie Woodward
Pitching: LHP Willie Woodward
Batting: RHB Roland Rankin 0-0: SINGLE (Line Drive, 9LS, EV 91.9 MPH)
Batting: SHB Patrick Sullivan 0-0: Ball
Pickoff Throw to First - Out! 1-3
1-0: Foul Ball, location: 2F
1-1: SINGLE (Groundball, 6MD, EV 108.8 MPH)
Batting: RHB Colton Shepard 0-0: Hit by Pitch
Patrick Sullivan to second
Batting: RHB Richard Mitchell 0-0: Ball
1-0: Ball
2-0: Foul Ball, location: 2F
2-1: Swinging Strike
2-2: Ball
3-2: Base on Balls
Patrick Sullivan to third
Colton Shepard to second
Batting: LHB Steve Chittick 0-0: Swinging Strike
0-1: Called Strike
0-2: Foul Ball, location: 2F
0-2: Fly out, F7 (Line Drive, 78S, EV 105.0 MPH)
Batting: RHB Tyler Pollock 0-0: Fly out, F8 (Flyball, 8RM, EV 92.5 MPH)
Top of the 1st over - 0 runs, 2 hits, 0 errors, 3 left on base; Put-In-Bay 0 - Athletic Club KC 0
BOTTOM OF THE 1ST
Athletic Club KC U-24 batting - Pitching for Put-In-Bay BC : LHP Herman Griffin
Pitching: LHP Herman Griffin
Batting: RHB James Allingham 0-0: Ball
1-0: Called Strike
1-1: Ball
2-1: Swinging Strike
2-2: Ball
3-2: Foul Ball, location: 2F
3-2: Fly out, F7 (Flyball, 7LM, EV 81.9 MPH)
Batting: LHB Greg Flynn 0-0: Ball
1-0: Called Strike
1-1: SINGLE (Line Drive, 89M, EV 101.2 MPH)
Batting: SHB Francisco Rojas 0-0: Called Strike
0-1: Ball
Wild Pitch!
Greg Flynn to second
1-1: Swinging Strike
1-2: Ground out 4-3 (Groundball, 4, EV 86.9 MPH)
Greg Flynn to third
Batting: RHB Leon Burns 0-0: Ball
1-0: Ball
2-0: Swinging Strike
2-1: SINGLE (Groundball, 3S, EV 81.9 MPH) (infield hit)
Greg Flynn scores
Batting: RHB Neal Lewis 0-0: Ground out 6-3 (Groundball, 6, EV 86.2 MPH)
Bottom of the 1st over - 1 run, 2 hits, 0 errors, 1 left on base; Put-In-Bay 0 - Athletic Club KC 1
TOP OF THE 2ND
Put-In-Bay BC batting - Pitching for Athletic Club KC U-24 : LHP Willie Woodward
Batting: RHB Chris P. Bacon 0-0: SINGLE (Line Drive, 9S, EV 100.6 MPH)
Batting: LHB Bill Knight 0-0: Ball
1-0: Foul Ball, location: 2F
1-1: SINGLE (Groundball, 4D, EV 99.4 MPH) (infield hit)
Chris P. Bacon to second
Batting: LHB Roberto Pacheco 0-0: Called Strike
0-1: Ball
1-1: Ball
2-1: Ball
3-1: Swinging Strike
3-2: Foul Ball, location: 2F
3-2: SINGLE (Groundball, 4MD, EV 95.6 MPH)
Chris P. Bacon to third
Bill Knight to second
Batting: RHB Roland Rankin 0-0: Ball
1-0: Called Strike
1-1: Swinging Strike
1-2: Foul Ball, location: 2F
1-2: SINGLE (Line Drive, 8LS, EV 99.4 MPH)
Chris P. Bacon scores
Bill Knight to third
Roberto Pacheco to second
Throwing error, E8
Bill Knight scores
Roberto Pacheco to third
Roland Rankin to second
Batting: SHB Patrick Sullivan 0-0: Ball
1-0: Foul Ball, location: 2F
1-1: Foul Ball, location: 2F
1-2: Ground out 5-3 (Groundball, 56S, EV 81.9 MPH)
Roberto Pacheco scores
Batting: RHB Colton Shepard 0-0: Called Strike
0-1: Foul Ball, location: 2F
0-2: SINGLE (Line Drive, 56, EV 95.6 MPH)
Roland Rankin to third
Runner from 3rd tries for Home, SAFE, throw by LF to home
Batting: RHB Richard Mitchell 0-0: Foul Ball, location: 2F
0-1: Ball
1-1: Fly out, F7 (Flyball, 7, EV 85.0 MPH)
Batting: LHB Steve Chittick 0-0: Called Strike
0-1: Fly out, F8 (Flyball, 8LS, EV 68.1 MPH)
Top of the 2nd over - 4 runs, 5 hits, 1 error, 1 left on base; Put-In-Bay 4 - Athletic Club KC 1
BOTTOM OF THE 2ND
Athletic Club KC U-24 batting - Pitching for Put-In-Bay BC : LHP Herman Griffin
Batting: RHB Daniel Hannaford 0-0: Called Strike
0-1: Fly out, F3 (Popup, 34, EV 67.5 MPH)
Batting: LHB Carl Zimerman 0-0: Called Strike
0-1: Ground out 5-3 (Groundball, 5, EV 107.5 MPH)
Batting: SHB Ross Evans 0-0: Called Strike
0-1: Foul Ball, location: 2F
0-2: Foul Ball, location: 2F
0-2: Ball
1-2: Foul Ball, location: 2F
1-2: SINGLE (Groundball, 3S, EV 83.8 MPH) (infield hit)
Batting: RHB William Lane 0-0: Fly out, F4 (Popup, 34D, EV 67.5 MPH)
Bottom of the 2nd over - 0 runs, 1 hit, 0 errors, 1 left on base; Put-In-Bay 4 - Athletic Club KC 1
TOP OF THE 3RD
Put-In-Bay BC batting - Pitching for Athletic Club KC U-24 : LHP Willie Woodward
Batting: RHB Tyler Pollock 0-0: Foul Ball, location: 2F
0-1: Fly out, F6 (Popup, 6, EV 64.4 MPH)
Batting: RHB Chris P. Bacon 0-0: Called Strike
0-1: Ball
1-1: Ball
2-1: Swinging Strike
2-2: SINGLE (Flyball, 9S, EV 94.4 MPH)
Batting: LHB Bill Knight 0-0: Ball
1-0: Ball
2-0: Called Strike
2-1: Foul Ball, location: 2F
2-2: Foul Ball, location: 2F
2-2: Ball
3-2: Fly out, F7 (Flyball, 7S, EV 93.8 MPH)
Batting: LHB Roberto Pacheco 0-0: Called Strike
0-1: Fly out, F8 (Flyball, 8RM, EV 73.8 MPH)
Top of the 3rd over - 0 runs, 1 hit, 0 errors, 1 left on base; Put-In-Bay 4 - Athletic Club KC 1
BOTTOM OF THE 3RD
Athletic Club KC U-24 batting - Pitching for Put-In-Bay BC : LHP Herman Griffin
Batting: RHB James Allingham 0-0: Called Strike
0-1: Ball
1-1: Ball
2-1: Ground out 5-3 (Groundball, 5S, EV 91.2 MPH)
Batting: LHB Greg Flynn 0-0: Ball
1-0: Called Strike
1-1: Foul Ball, location: 2F
1-2: Strikes out swinging
Batting: SHB Francisco Rojas 0-0: Foul Ball, location: 2F
0-1: Foul Ball, location: 2F
0-2: SINGLE (Flyball, 89M, EV 92.5 MPH)
Batting: RHB Leon Burns 0-0: 2-RUN HOME RUN (Line Drive, 7D, EV 103.8 MPH), Distance : 391 ft
Batting: RHB Neal Lewis 0-0: Ball
1-0: Ball
2-0: Swinging Strike
2-1: Foul Ball, location: 2F
2-2: Ball
3-2: Base on Balls
Batting: RHB Daniel Hannaford 0-0: SINGLE (Line Drive, 78M, EV 94.4 MPH)
Neal Lewis to second
Batting: LHB Carl Zimerman 0-0: Called Strike
0-1: Ball
1-1: Ball
2-1: SINGLE (Groundball, 4D, EV 103.8 MPH)
Neal Lewis to third
Daniel Hannaford to second
Runner from 3rd tries for Home, SAFE, throw by CF to home
Batting: SHB Ross Evans 0-0: Ball
1-0: Swinging Strike
1-1: Ball
2-1: Foul Ball, location: 2F
2-2: Foul Ball, location: 2F
2-2: Ball
3-2: Strikes out swinging
Bottom of the 3rd over - 3 runs, 4 hits, 0 errors, 2 left on base; Put-In-Bay 4 - Athletic Club KC 4
TOP OF THE 4TH
Put-In-Bay BC batting - Pitching for Athletic Club KC U-24 : LHP Willie Woodward
Batting: RHB Roland Rankin 0-0: Ball
1-0: Ground out 4-3 (Groundball, 34, EV 83.1 MPH)
Batting: SHB Patrick Sullivan 0-0: Ball
1-0: Called Strike
1-1: Swinging Strike
1-2: Ground out 6-3 (Groundball, 6S, EV 87.5 MPH)
Batting: RHB Colton Shepard 0-0: Ball
1-0: Ball
2-0: Called Strike
2-1: Swinging Strike
2-2: Strikes out swinging
Top of the 4th over - 0 runs, 0 hits, 0 errors, 0 left on base; Put-In-Bay 4 - Athletic Club KC 4
BOTTOM OF THE 4TH
Athletic Club KC U-24 batting - Pitching for Put-In-Bay BC : LHP Herman Griffin
Batting: RHB William Lane 0-0: Swinging Strike
0-1: Called Strike
0-2: Ball
1-2: Foul Ball, location: 2F
1-2: Ball
2-2: Ball
3-2: Foul Ball, location: 2F
3-2: Strikes out swinging
Batting: RHB James Allingham 0-0: Foul Ball, location: 2F
0-1: Foul Ball, location: 2F
0-2: SINGLE (Groundball, 56D, EV 97.5 MPH)
Batting: LHB Greg Flynn 0-0: Ball
1-0: Fly out, F9 (Line Drive, 9, EV 94.4 MPH)
Batting: SHB Francisco Rojas 0-0: Foul Ball, location: 2F
0-1: SINGLE (Groundball, 6MD, EV 100.6 MPH)
James Allingham to second
Batting: RHB Leon Burns 0-0: Ball
1-0: Ground out 6-3 (Groundball, 4M, EV 101.9 MPH)
Bottom of the 4th over - 0 runs, 2 hits, 0 errors, 2 left on base; Put-In-Bay 4 - Athletic Club KC 4
TOP OF THE 5TH
Put-In-Bay BC batting - Pitching for Athletic Club KC U-24 : LHP Willie Woodward
Batting: RHB Richard Mitchell 0-0: Ball
1-0: Ball
2-0: Foul Ball, location: 2F
2-1: Foul Ball, location: 2F
2-2: Strikes out swinging, 2-3 out at first.
Batting: LHB Steve Chittick 0-0: Ball
1-0: Called Strike
1-1: Swinging Strike
1-2: SINGLE (Groundball, 34D, EV 101.2 MPH)
Batting: RHB Tyler Pollock 0-0: Ball
1-0: DOUBLE (Flyball, 8RXD, EV 91.9 MPH)
Steve Chittick to third
Runner from 3rd tries for Home, SAFE, throw by CF to home
Pitching: RHP Rodney Johnson
Batting: RHB Chris P. Bacon 0-0: Foul Ball, location: 2F
0-1: Foul Ball, location: 2F
0-2: Ball
1-2: Ball
2-2: Ground out 6-3 (Groundball, 6, EV 81.2 MPH)
Batting: LHB Bill Knight 0-0: Ball
1-0: Foul Ball, location: 2F
1-1: Foul Ball, location: 2F
1-2: Ball
2-2: Ball
3-2: Base on Balls
Batting: LHB Roberto Pacheco 0-0: Ball
1-0: Ball
2-0: Ball
3-0: Base on Balls
Tyler Pollock to third
Bill Knight to second
Batting: RHB Roland Rankin 0-0: Called Strike
0-1: Ball
1-1: SINGLE (Groundball, 56D, EV 107.5 MPH)
Tyler Pollock scores
Bill Knight to third
Roberto Pacheco to second
Runner from 3rd tries for Home, SAFE, no throw by LF
Batting: SHB Patrick Sullivan 0-0: Ball
1-0: Ball
2-0: Foul Ball, location: 2F
2-1: Foul Ball, location: 2F
2-2: Ball
3-2: DOUBLE (Groundball, 3L, EV 103.1 MPH)
Roberto Pacheco scores
Roland Rankin to third
Roland Rankin scores
Batting: RHB Colton Shepard 0-0: Ball
1-0: Foul Ball, location: 2F
1-1: Ball
2-1: Ball
3-1: Reached on error, E7 (Flyball, 7LD, EV 106.2 MPH)
Patrick Sullivan scores
Batting: RHB Richard Mitchell 0-0: Ball
1-0: Foul Ball, location: 2F
1-1: Called Strike
1-2: Ball
2-2: Strikes out looking
Top of the 5th over - 6 runs, 4 hits, 1 error, 1 left on base; Put-In-Bay 10 - Athletic Club KC 4
BOTTOM OF THE 5TH
Athletic Club KC U-24 batting - Pitching for Put-In-Bay BC : LHP Herman Griffin
Batting: RHB Neal Lewis 0-0: Ball
1-0: Fly out, F8 (Flyball, 8RD, EV 86.2 MPH)
Batting: RHB Daniel Hannaford 0-0: Ball
1-0: Ball
2-0: Ball
3-0: Base on Balls
Batting: LHB Carl Zimerman 0-0: Ball
1-0: SINGLE (Groundball, 4, EV 87.5 MPH) (infield hit)
Daniel Hannaford to second
Batting: SHB Ross Evans 0-0: Ball
Daniel Hannaford steals 3rd base
1-0: Called Strike
1-1: Called Strike
1-2: Strikes out swinging
Carl Zimerman is caught stealing 2nd base 2-4
Batter strikes out.
Bottom of the 5th over - 0 runs, 1 hit, 0 errors, 1 left on base; Put-In-Bay 10 - Athletic Club KC 4
TOP OF THE 6TH
Put-In-Bay BC batting - Pitching for Athletic Club KC U-24 : RHP Rodney Johnson
Pitching: RHP Tom Matthews
Batting: LHB Steve Chittick 0-0: Swinging Strike
0-1: Swinging Strike
0-2: Ball
1-2: Ball
2-2: SINGLE (Groundball, 34D, EV 95.0 MPH)
Pitching: RHP Bryan Werner
Batting: RHB Tyler Pollock 0-0: Foul Ball, location: 2F
0-1: Ball
1-1: Called Strike
1-2: Ball
2-2: Fielders Choice at 2nd, 4-6 (Groundball, 4, EV 82.5 MPH)
Batting: RHB Chris P. Bacon 0-0: Ball
1-0: Ball
2-0: DOUBLE (Line Drive, 89D, EV 109.4 MPH)
Tyler Pollock to third
Batting: LHB Bill Knight 0-0: Foul Ball, location: 2F
0-1: Ground out 3-1 (Groundball, 34, EV 85.0 MPH)
Tyler Pollock scores
Chris P. Bacon to third
Batting: LHB Roberto Pacheco 0-0: Ball
1-0: Called Strike
1-1: Swinging Strike
1-2: Strikes out swinging
Top of the 6th over - 1 run, 2 hits, 0 errors, 1 left on base; Put-In-Bay 11 - Athletic Club KC 4
BOTTOM OF THE 6TH
Athletic Club KC U-24 batting - Pitching for Put-In-Bay BC : LHP Herman Griffin
Batting: RHB William Lane 0-0: Ball
1-0: Swinging Strike
1-1: Called Strike
1-2: Strikes out swinging
Batting: RHB James Allingham 0-0: Called Strike
0-1: Called Strike
0-2: Ball
1-2: Ball
2-2: Ball
3-2: Foul Ball, location: 2F
3-2: Strikes out looking
Batting: LHB Greg Flynn 0-0: Ball
1-0: Ball
2-0: Foul Ball, location: 2F
2-1: Foul Ball, location: 2F
2-2: Strikes out swinging
Bottom of the 6th over - 0 runs, 0 hits, 0 errors, 0 left on base; Put-In-Bay 11 - Athletic Club KC 4
TOP OF THE 7TH
Put-In-Bay BC batting - Pitching for Athletic Club KC U-24 : RHP Bryan Werner
Batting: RHB Roland Rankin 0-0: Fly out, F9 (Line Drive, 9, EV 87.5 MPH)
Batting: SHB Patrick Sullivan 0-0: Ball
1-0: Called Strike
1-1: Swinging Strike
1-2: Fly out, F7 (Line Drive, 7, EV 86.9 MPH)
Batting: RHB Colton Shepard 0-0: Swinging Strike
0-1: Foul Ball, location: 2F
0-2: Ball
1-2: Foul Ball, location: 2F
1-2: Ball
2-2: Foul Ball, location: 2F
2-2: Foul Ball, location: 2F
2-2: Ground out 5-3 (Groundball, 56, EV 101.9 MPH)
Top of the 7th over - 0 runs, 0 hits, 0 errors, 0 left on base; Put-In-Bay 11 - Athletic Club KC 4
BOTTOM OF THE 7TH
Athletic Club KC U-24 batting - Pitching for Put-In-Bay BC : LHP Herman Griffin
Pitching: LHP Fred Bridges
Batting: SHB Francisco Rojas 0-0: Foul Ball, location: 2F
0-1: Ball
1-1: Ball
2-1: Ground out 1-3 (Groundball, 34S, EV 88.8 MPH)
Batting: RHB Leon Burns 0-0: Swinging Strike
0-1: Ball
1-1: Foul Ball, location: 2F
1-2: Fly out, F9 (Flyball, 9S, EV 91.2 MPH)
Pinch Hitting: LHB Derek Robinson 0-0: Ball
1-0: Ball
2-0: Ball
3-0: Base on Balls
Pinch Hitting: RHB Doug Bishop 0-0: Foul Ball, location: 2F
0-1: Fly out, F8 (Flyball, 8LM, EV 87.5 MPH)
Bottom of the 7th over - 0 runs, 0 hits, 0 errors, 1 left on base; Put-In-Bay 11 - Athletic Club KC 4
TOP OF THE 8TH
Put-In-Bay BC batting - Pitching for Athletic Club KC U-24 : RHP Bryan Werner
Now at 1B: Derek Robinson
Now in CF: Ron Whitney
Batting: RHB Richard Mitchell 0-0: Called Strike
0-1: Swinging Strike
0-2: Strikes out swinging
Batting: LHB Steve Chittick 0-0: Ground out 5-3 (Groundball, 56, EV 85.0 MPH)
Batting: RHB Tyler Pollock 0-0: Called Strike
0-1: Ball
1-1: Foul Ball, location: 2F
1-2: SINGLE (Line Drive, 4D, EV 104.4 MPH)
Batting: RHB Chris P. Bacon 0-0: Ball
1-0: SINGLE (Line Drive, 56D, EV 103.1 MPH)
Tyler Pollock to second
Batting: LHB Bill Knight 0-0: Called Strike
0-1: Ball
1-1: Called Strike
1-2: Ball
2-2: Foul Ball, location: 2F
2-2: SINGLE (Line Drive, 89S, EV 90.0 MPH)
Tyler Pollock to third
Chris P. Bacon to second
Batting: LHB Roberto Pacheco 0-0: Ball
1-0: Foul Ball, location: 2F
1-1: Ball
2-1: Fly out, F5 (Popup, 25F, EV 87.5 MPH)
Top of the 8th over - 0 runs, 3 hits, 0 errors, 3 left on base; Put-In-Bay 11 - Athletic Club KC 4
BOTTOM OF THE 8TH
Athletic Club KC U-24 batting - Pitching for Put-In-Bay BC : LHP Fred Bridges
Batting: LHB Carl Zimerman 0-0: Ball
1-0: Swinging Strike
1-1: Ball
2-1: Swinging Strike
2-2: Strikes out swinging
Batting: SHB Ross Evans 0-0: Ball
1-0: Foul Ball, location: 2F
1-1: Called Strike
1-2: Foul Ball, location: 2F
1-2: Foul Ball, location: 2F
1-2: Ball
2-2: Strikes out looking
Batting: RHB William Lane 0-0: Called Strike
0-1: Foul Ball, location: 2F
0-2: Strikes out swinging
Bottom of the 8th over - 0 runs, 0 hits, 0 errors, 0 left on base; Put-In-Bay 11 - Athletic Club KC 4
TOP OF THE 9TH
Put-In-Bay BC batting - Pitching for Athletic Club KC U-24 : RHP Bryan Werner
Pitching: LHP José Núñez
Batting: RHB Roland Rankin 0-0: Ball
1-0: Ball
2-0: Ball
3-0: Base on Balls
Batting: SHB Patrick Sullivan 0-0: Fly out, F8 (Flyball, 8RS, EV 86.2 MPH)
Batting: RHB Colton Shepard 0-0: Fly out, F9 (Flyball, 9D, EV 92.5 MPH)
Batting: RHB Richard Mitchell 0-0: Ball
1-0: Called Strike
1-1: Ball
2-1: Called Strike
Roland Rankin is caught stealing 2nd base 2-4
Top of the 9th over - 0 runs, 0 hits, 0 errors, 0 left on base; Put-In-Bay 11 - Athletic Club KC 4
BOTTOM OF THE 9TH
Athletic Club KC U-24 batting - Pitching for Put-In-Bay BC : LHP Fred Bridges
Batting: RHB James Allingham 0-0: Ball
1-0: Fly out, F4 (Line Drive, 4, EV 71.9 MPH)
Batting: LHB Greg Flynn 0-0: Ball
1-0: Foul Ball, location: 2F
1-1: Foul Ball, location: 2F
1-2: Strikes out looking
Batting: SHB Francisco Rojas 0-0: Ball
1-0: Ball
2-0: Swinging Strike
2-1: Swinging Strike
2-2: Strikes out swinging
Bottom of the 9th over - 0 runs, 0 hits, 0 errors, 0 left on base; Put-In-Bay 11 - Athletic Club KC 4
Tuesday, January 5th, 2021 - OOTP Baseball 20.8 Build 74